 Dungeon Crawl Stone Soup version 0.30-a0-1050-g2766ea1e55 (webtiles) character file.

Game seed: 4107831639644892295

438 MacCMillion the Shooter (level 6, -2/48 HPs)
             Began as a Demigod Hunter on Apr 11, 2023.
             Succumbed to a gnoll sergeant's poison
             ... on level 4 of the Dungeon.
             The game lasted 00:05:22 (4365 turns).

MacCMillion the Shooter (Demigod Hunter)            Turns: 4365, Time: 00:05:23

Health: -2/48      AC:  4    Str: 12    XL:     6   Next: 41%
Magic:  8/8        EV: 12    Int: 11    God:
Gold:   225        SH:  0    Dex: 25    Spells: 5/5 levels left

rFire   . . .      SeeInvis .    a - +0 shortbow
rCold   . . .      Faith    .    (shield currently unavailable)
rNeg    . . .      Spirit   .    c - +0 leather armour
rPois   .          Reflect  .    (no helmet)
rElec   .          Rampage  .    (no cloak)
rCorr   .                        (no gloves)
Will    .....                    h - +0 pair of boots
Stlth   ++                       (no amulet)
HPRegen 0.28/turn                (no ring)
MPRegen 0.11/turn                (no ring)

@: lethally poisoned (-2 -> -24)
A: high MP 1, forlorn, divine attributes
a: no special abilities


You were on level 4 of the Dungeon.
You visited 1 branch of the dungeon, and saw 5 of its levels.

You collected 225 gold pieces.

Inventory:

Hand Weapons
 a - a +0 shortbow (weapon)
Armour
 c - a +0 leather armour (worn)
 h - a +0 pair of boots (worn)
Wands
 i - a wand of flame (30)
 q - a wand of mindburst (15)
Scrolls
 b - a scroll of immolation
 e - 8 scrolls of identify {unknown}
 g - a scroll of blinking {unknown}
 j - a scroll of magic mapping {unknown}
 l - 2 scrolls of noise {unknown}
 m - 2 scrolls of fear {unknown}
 o - a scroll of enchant armour {unknown}
 r - a scroll of enchant weapon {unknown}
Potions
 d - a potion of curing
 f - 2 potions of lignification {unknown}
 k - a potion of mutation {unknown}
 n - a potion of heal wounds {unknown}
 p - a potion of flight {unknown}
 s - a potion of brilliance


   Skills:
 - Level 1.7 Fighting
 + Level 7.2 Ranged Weapons
 - Level 1.7 Dodging
 - Level 2.0 Stealth


You had 5 spell levels left.
You didn't know any spells.
Your spell library contained the following spells:

 Spells                   Type           Power      Damage    Failure   Level
 Cigotuvi's Dreadful Rot  Necr/Pois/Air  0%         N/A       56%         2
 Call Canine Familiar     Summ           0%         N/A       80%         3
 Portal Projectile        Hex/Tloc       0%         N/A       80%         3
 Dispel Undead            Necr           0%         3d6       99%         4
 Leda's Liquefaction      Hex/Erth       0%         N/A       99%         4
 Lee's Rapid Deconstruct  Erth           0%         3d4*      100%        5
 Death Channel            Necr           0%         N/A       100%        6
 Statue Form              Tmut/Erth      0%         N/A       100%        6


Dungeon Overview and Level Annotations

Branches:
Dungeon (5/15)
 Temple: D:4-7

Annotations:
D:4 Dowan, Duvessa


Innate Abilities, Weirdness & Mutations

You have an increased reservoir of magic. (+10% MP)
You shall have no god before yourself.
Your divine heritage dramatically boosts your attributes as you level up.


Message History

Aim: a gnoll, wielding a +0 club (70% to hit)
You shoot an arrow. The arrow hits the gnoll!
The gnoll is severely wounded.
The gnoll barely misses you.
Fire: a) +0 shortbow
Press: ? - help, Q - select action, (/) - cycle Shift-Dir - straight line, f/p - gnoll
Aim: a gnoll, wielding a +0 club (severely wounded, 70% to hit)
You shoot an arrow. The arrow hits the gnoll!
You kill the gnoll!
Fire: a) +0 shortbow
Press: ? - help, Q - select action, (/) - cycle Shift-Dir - straight line, f - you Really target yourself?
Okay, then.
You start resting.
HP restored.
You start waiting.
Done waiting.
You climb downwards.
There is a stone staircase leading up here.
You shoot an arrow.
The arrow hits the gnoll sergeant but does no damage.
You shoot an arrow. The arrow hits the gnoll sergeant.
The gnoll sergeant is lightly wounded.
The gnoll sergeant hits you with a +2 trident of venom!
You are poisoned.
The gnoll barely misses you.
You feel very sick. The gnoll sergeant misses you.
The gnoll hits you with a +0 whip.
You climb upwards.
Level annotation: Dowan, Duvessa You feel very sick.
There is a stone staircase leading down here.
Unknown command.
You feel sick. The gnoll hits you with a +0 whip!
* * * LOW HITPOINT WARNING * * *
The gnoll sergeant hits you from afar with a +2 trident of venom.
* * * LOW HITPOINT WARNING * * *
You are more poisoned.
Unknown command.
You die...

###...#.....##....#.
###[##.###.##...##.
#....#.###.##...#..
######)##...##..#...(#..
#....[..##..##.##...##..
#...............#...#...
#...........#.#.#...#.†.
#....g.....##...#...#...
#....>.@...##..##.e.#.e⌠
#...g)........###...#..(
#...............#...#...
#...........#.###...#...
#####..#........#...##..
#.#....#..#.#....#..
#......#.## ##...#..
##..##### # #......
#...# #......


You could see a gnoll sergeant and a gnoll.

Vanquished Creatures
  An ogre (D:4)
  A scorpion (D:4)
  A hound (D:4)
  An orc priest (D:3)
  Ijyb (D:3)
  An orc wizard (D:3)
  4 gnolls
  6 adders
  A worm (D:2)
  2 dart slugs
  5 orcs
  4 bats
  7 endoplasms
  3 giant cockroaches
  12 hobgoblins
  A quokka (D:2)
  8 ball pythons
  2 frilled lizards
  10 goblins
  12 kobolds
  6 rats
89 creatures vanquished.

Vanquished Creatures (others)
  4 plants (D:3)
4 creatures vanquished.

Grand Total: 93 creatures vanquished

Notes
Turn   | Place    | Note
-------+----------+-------------------------------------------
     0 | D:1      | MacCMillion the Demigod Hunter began the quest for the Orb.
     0 | D:1      | Reached XP level 1. HP: 17/17 MP: 3/3
    46 | D:1      | Reached skill level 1 in Stealth
   285 | D:1      | Reached XP level 2. HP: 24/24 MP: 4/4
   315 | D:1      | Reached skill level 4 in Ranged Weapons
  1022 | D:2      | Reached XP level 3. HP: 29/29 MP: 5/5
  1858 | D:3      | Noticed Ijyb
  1876 | D:3      | Killed Ijyb
  1877 | D:3      | Reached skill level 5 in Ranged Weapons
  1877 | D:3      | Reached XP level 4. HP: 3/36 MP: 6/6
  2216 | D:3      | Reached XP level 5. HP: 36/41 MP: 7/7
  2879 | D:4      | Noticed Dowan
  2881 | D:4      | Noticed Duvessa
  2921 | D:4      | Reached skill level 6 in Ranged Weapons
  3169 | D:4      | Noticed an ogre
  3175 | D:4      | Killed an ogre
  3581 | D:4      | Reached XP level 6. HP: 41/48 MP: 8/8
  3643 | D:4      | Reached skill level 7 in Ranged Weapons
  3835 | D:5      | Entered Level 5 of the Dungeon
  4365 | D:4      | Succumbed to a gnoll sergeant's poison

Illustrated notes

Levels and vault maps discovered:
D:1:      co_arrival_random_square_maze, layout_basic
D:2:      layout_loops_ring, minmay_crystal_water, grunt_decor_one_mirror,
          nicolae_elevator_lobby_asterisk
D:3:      layout_loops_ring, mainiacjoe_overflow_boulevard,
          minmay_goblin_kobold_house, uniq_ijyb
D:4:      kennysheep_spiral_hall, layout_rooms, kennysheep_generic_room_11,
          uniq_duvessa
D:5:      layout_rooms

Skill      XL: |  1  2  3  4  5  6 |
---------------+-------------------+-----
Stealth        | 1 2 |  2.0
Ranged Weapons | 4 5 6 7 |  7.2
Fighting       | |  1.7
Dodging        | |  1.7

Action                     |  1- 3 |  4- 6 || total
---------------------------+-------+-------++-------
   Fire: Shortbow          |   125 |   139 ||   264
    Use: Potion            |       |     1 ||     1
 Armour: Leather armour    |     4 |    10 ||    14
  Dodge: Dodged            |    21 |    57 ||    78

Table legend: (Time is in decaauts)
 A = Elapsed time spent in this place.
 B = Non-inter-level travel time spent in this place.
 C = Inter-level travel time spent in this place.
 D = Time resting spent in this place.
 E = Time spent auto-exploring this place.
 F = Levels seen in this place.
 G = Mean time per level.
                   A        B        C        D        E       F      G
               +--------+--------+--------+--------+--------+-----+--------+
         Total |   4442 |   4159 |    283 |   1023 |   2413 |   5 |  888.4 |
       Dungeon |   4442 |   4159 |    283 |   1023 |   2413 |   5 |  888.4 |
               +--------+--------+--------+--------+--------+-----+--------+

Top non-repeatable levels by time:
     D:3: 1391 daAuts
     D:4: 1084 daAuts
     D:2: 998 daAuts
     D:1: 872 daAuts
     D:5: 95 daAuts
